 Dungeon Crawl Stone Soup version 0.16-a0-296-gbdb9f68 (webtiles) character file.

3131 Ololoev the Basher (level 9, -2/73 HPs)
             Began as a Naga Gladiator on Aug 29, 2014.
             Was a Priest of Okawaru.
             Slain by a wight
             ... wielding a +2 spear
              (4 damage)
             ... on Level 9 of the Dungeon.
             The game lasted 00:39:12 (15079 turns).

Ololoev the Basher (Naga Gladiator)                Turns: 15079, Time: 00:39:13

HP  -2/73        AC  6     Str 15      XL: 9   Next: 92%
MP   8/8         EV 10     Int 10      God: Okawaru [***...]
Gold 168         SH  0     Dex 14      Spells:  0 memorised,  8 levels left

rFire  . . .     SeeInvis +     a - +1 flail
rCold  . . .     Clarity  .     u - +1 robe {MR+}
rNeg   . . .     rCorr    .     (no shield)
rPois  +         rRot     .     l - +0 helmet
rElec  .         Spirit   .     (no cloak)
SustAb .         Warding  .     (no gloves)
rMut   .         Stasis   .     (no barding)
Gourm  .                        (no amulet)
MR     +++..                    j - ring of regeneration
                                i - ring of protection from magic

@: very slow, extremely resistant to hostile enchantments, very unstealthy
A: spit poison, see invisible, deformed body, low mp 1, poison resistance,
slowness 2, weak 1, AC +3
a: Spit Poison, Heroism, Renounce Religion


You were on level 9 of the Dungeon.
You worshipped Okawaru.
Okawaru was most pleased with you.
You were not hungry.

You visited 2 branches of the dungeon, and saw 10 of its levels.

You collected 388 gold pieces.
You spent 220 gold pieces at shops.

Inventory:

Hand weapons
 a - a +1 flail (weapon)
 h - the +5 longbow "Hoidatz" {speed, rF+ rC++ Int+4}
   (You acquired it on level 9 of the Dungeon)

   Attacks with this weapon are significantly faster.
   It affects your intelligence (+4).
   It protects you from fire.
   It greatly protects you from cold.
 x - a +3 whip
Missiles
 m - 7 javelins (quivered)
 o - 25 arrows of frost
 s - 14 arrows
Armour
 l - a +0 helmet (worn)
 u - a +1 robe of magic resistance (worn)
Comestibles
 c - 3 rotting chunks of orc flesh
 f - 2 bread rations
 w - a chunk of kobold flesh
 z - 2 chunks of orc flesh
Scrolls
 b - a scroll of amnesia
 d - 2 scrolls of fog
Jewellery
 i - a ring of protection from magic (left hand)
 j - a ring of regeneration (right hand)
Potions
 e - a potion of cancellation
 k - a potion of resistance
 n - 2 potions of restore abilities
 r - 2 potions of agility
 t - a potion of flight
Books
 v - a book of Frost

   Spells                             Type                      Level
   Freeze                             Ice                          1
   Throw Frost                        Conjuration/Ice              2
   Ozocubu's Armour                   Charms/Ice                   3
   Throw Icicle                       Conjuration/Ice              4
   Summon Ice Beast                   Ice/Summoning                4
   Condensation Shield                Ice                          4


   Skills:
 - Level 2.0 Fighting
 * Level 11.5 Maces & Flails
 + Level 6.4 Throwing
 - Level 2.4 Dodging
   Level 1.8 Conjurations
   Level 1.7 Ice Magic


You had 8 spell levels left.
You didn't know any spells.

Dungeon Overview and Level Annotations

Branches:
Dungeon (9/15)             Temple (1/1) D:6
    Orc: D:9-12        Lair: D:8-11

Altars:
Ashenzari
Cheibriados
Dithmenos
Elyvilon
Gozag
Kikubaaqudgha
Makhleb
Nemelex Xobeh
Okawaru
Qazlal
Sif Muna
Trog
Vehumet
Xom
Yredelemnul
Zin
The Shining One

Shops:
D:5 *   D:6 !

Annotations:
D:4 Ololoev's ghost, average NaGl


Innate Abilities, Weirdness & Mutations

You cannot wear boots.
You can spit poison.
Your serpentine skin is tough (AC +3).
You have supernaturally acute eyesight.
Armour fits poorly on your strangely shaped body.
Your system is resistant to poisons.
You cover ground very slowly.
Your magical capacity is low (-10% MP).
You are weak. (Str -2)


Message History

* * * LOW HITPOINT WARNING * * *
You barely miss the wight.
The wight is heavily damaged.
The wight closely misses you.
You hit the wight.
The wight is heavily damaged.
The wight hits you from afar with a glowing spear.
* * * LOW HITPOINT WARNING * * *
The wight barely misses you.
You sock the wight!
The wight is almost destroyed.
The wight hits you from afar with a glowing spear.
* * * LOW HITPOINT WARNING * * *
The wight hits you with a runed hand axe.
* * * LOW HITPOINT WARNING * * *
You sock the wight!
You destroy the wight!
Okawaru accepts your kill.
The wight hits you from afar with a glowing spear.
You die...

#......).# ###........
#........#####.........#
#........'....<#.......#
#........##########.####
##'####### #..# #..###
#.## ##...### #.#
###...# #####(#####
###@# #.......... #)#
#..........


zzz #.......... ..y.. #.......... ......# #.......... ...<...+ #..........
........# #.......... .......# ............ ... ##.......... You could see a
killer bee and 3 wights.

Vanquished Creatures
  A hungry ghost (D:6)
  A hippogriff (D:9)
  A human (D:5)
  An ice beast (D:7)
  2 orc warriors
  A sky beast (D:8)
  5 centaurs
  4 ogres
  A big kobold (D:9)
  3 giant frogs
  A scorpion (D:8)
  A wight (D:9)
  A crimson imp (D:5)
  2 goliath beetles
  8 killer bees
  5 orc priests
  2 jellies
  A hound (D:5)
  2 worker ants
  4 iguanas
  Natasha (thrice) (D:5)
  5 orc wizards
  Ijyb (D:7)
  A mummy (D:6)
  3 adders
  4 gnolls (D:7)
  A giant mite (D:1)
  A gnoll skeleton (D:5)
  6 giant geckos
  2 oozes
  28 orcs
  9 bats
  A bat zombie (D:5)
  2 giant cockroaches
  9 hobgoblins
  12 jackals
  2 quokkas
  A ball python (D:1)
  2 giant newts
  11 goblins
  A goblin skeleton (D:5)
  A hobgoblin zombie (D:5)
  14 kobolds
  A kobold zombie (D:5)
  17 rats
185 creatures vanquished.

Vanquished Creatures (others)
  A hill giant skeleton (D:5)
1 creature vanquished.

Grand Total: 186 creatures vanquished

Notes
Turn   | Place    | Note
--------------------------------------------------------------
     0 | D:1      | Ololoev, the Naga Gladiator, began the quest for the Orb.
     0 | D:1      | Reached XP level 1. HP: 19/19 MP: 1/1
   147 | D:1      | Reached XP level 2. HP: 26/26 MP: 2/2
  1010 | D:1      | Reached skill level 4 in Maces & Flails
  1341 | D:1      | Reached XP level 3. HP: 29/32 MP: 3/3
  4840 | D:2      | Reached XP level 4. HP: 39/39 MP: 4/4
  6366 | D:2      | Reached skill level 5 in Maces & Flails
  6772 | D:3      | Noticed Ololoev's ghost (average NaGl)
  7382 | D:4      | Noticed Ololoev's ghost (average NaGl)
  7403 | D:5      | Entered Level 5 of the Dungeon
  7438 | D:5      | Found Koceq's General Store.
  7495 | D:5      | Reached XP level 5. HP: 18/45 MP: 5/5
  7682 | D:5      | Bought a potion of poison for 12 gold pieces
  7682 | D:5      | Bought a potion of invisibility for 66 gold pieces
  7972 | D:5      | Reached skill level 6 in Maces & Flails
  8206 | D:5      | Reached XP level 6. HP: 41/52 MP: 6/6
  8386 | D:5      | Noticed an orc warrior
  8433 | D:5      | Killed an orc warrior
  8966 | D:5      | Noticed Natasha
  8970 | D:5      | Killed Natasha
  8971 | D:5      | Noticed a human
  8978 | D:5      | Noticed Natasha
  8985 | D:5      | Killed Natasha
  8987 | D:5      | Reached skill level 7 in Maces & Flails
  9070 | D:5      | Found a basalt altar of Yredelemnul.
  9093 | D:5      | Killed a human
  9093 | D:5      | Reached XP level 7. HP: 25/60 MP: 7/7
  9274 | D:5      | Found an opulent altar of Gozag.
  9298 | D:5      | Noticed an ogre
  9306 | D:5      | Killed an ogre
  9395 | D:5      | Noticed a centaur
  9402 | D:5      | Noticed a hill giant skeleton
  9405 | D:5      | Killed a centaur
  9408 | D:5      | Noticed a centaur
  9437 | D:5      | Killed a hill giant skeleton
  9440 | D:5      | HP: 3/60 [centaur (7)]
  9441 | D:5      | Killed a centaur
  9441 | D:5      | Reached skill level 8 in Maces & Flails
  9867 | D:5      | Found a glowing silver altar of Zin.
  9869 | D:5      | Found a bloodstained altar of Trog.
  9969 | D:5      | Reached XP level 8. HP: 42/67 MP: 8/8
 10099 | D:5      | Noticed an ogre
 10102 | D:5      | Killed an ogre
 10238 | D:5      | Noticed Natasha
 10239 | D:5      | Killed Natasha
 10436 | D:6      | Found a white marble altar of Elyvilon.
 10445 | D:6      | Found a staircase to the Ecumenical Temple.
 10460 | Temple   | Entered the Ecumenical Temple
 10465 | Temple   | Became a worshipper of Warmaster Okawaru
 10854 | D:6      | Found Comaun's Distillery.
 10858 | D:6      | Reached skill level 9 in Maces & Flails
 10864 | D:6      | Bought a potion of berserk rage for 39 gold pieces
 10864 | D:6      | Bought a potion of flight for 39 gold pieces
 10864 | D:6      | Bought a potion of mutation for 32 gold pieces
 10864 | D:6      | Bought a potion of agility for 32 gold pieces
 10865 | D:6      | Gained mutation: You are weak. (Str -2) [potion of mutation]
 10865 | D:6      | Gained mutation: Your magical capacity is low (-10% MP). [potion of mutation]
 11037 | D:6      | Learned a level 2 spell: Throw Frost
 11441 | D:6      | Acquired Okawaru's first power
 11441 | D:6      | Reached skill level 1 in Conjurations
 11441 | D:6      | Reached skill level 1 in Ice Magic
 11851 | D:7      | Got a faintly glowing leather armour
 11852 | D:7      | Identified the +0 leather armour of Cranoja {rN+ Dex+1} (You found it on level 7 of the Dungeon)
 12032 | D:7      | Found a burning altar of Makhleb.
 12076 | D:7      | Found a shattered altar of Ashenzari.
 12152 | D:7      | Reached skill level 5 in Throwing
 12152 | D:7      | Reached XP level 9. HP: 65/73 MP: 8/8
 12227 | D:7      | Noticed Ijyb
 12236 | D:7      | Killed Ijyb
 12471 | D:7      | Reached skill level 10 in Maces & Flails
 13084 | D:7      | Found a radiant altar of Vehumet.
 13816 | D:8      | Found a shimmering altar of Xom.
 13833 | D:8      | Found a shimmering altar of Xom.
 13833 | D:8      | Found a shimmering altar of Xom.
 13833 | D:8      | Found a shimmering altar of Xom.
 13834 | D:8      | Found a shimmering altar of Xom.
 14018 | D:8      | Found a shimmering altar of Xom.
 14163 | D:9      | Reached skill level 11 in Maces & Flails
 14215 | D:9      | Identified a scroll of acquirement
 14218 | D:9      | Got a faintly glowing longbow
 14219 | D:9      | Identified the +5 longbow "Hoidatz" {speed, rF+ rC++ Int+4} (You acquired it on level 9 of the Dungeon)
 14282 | D:9      | Noticed a green ugly thing
 15078 | D:9      | HP: 2/73 [wight/runed hand axe (4)]
 15079 | D:9      | Slain by a wight

Action                   |  1- 3 |  4- 6 |  7- 9 || total
-------------------------+-------+-------+-------++-------
Melee: Flail             |    87 |   166 |   314 ||   567
       Whip              |       |       |    30 ||    30
Throw: Javelin           |       |    12 |    46 ||    58
       Throwing net      |       |     4 |       ||     4
 Cast: Throw Frost       |       |       |     2 ||     2
 Abil: Spit Poison       |    31 |    26 |    58 ||   115
Evoke: Wand              |       |       |     8 ||     8
       Deck              |       |       |     2 ||     2
  Use: Scroll            |     7 |     2 |    11 ||    20
       Potion            |       |     1 |    16 ||    17
 Stab: Invisible         |       |       |     1 ||     1
  Eat: Chunk             |    13 |    10 |     6 ||    29
       Meat ration       |       |     1 |     2 ||     3
       Fruit             |       |       |     3 ||     3
       Bread ration      |       |       |     2 ||     2
